Map: Terrasses de Prion

Players

Ketchzaï - Winner!

  • Race: Zerg Zerg
  • League: Silver

asdf

  • Race: Protoss Protoss
  • League: Bronze

VOD

Have the link to the VOD?

Description

Contre Rush Canon

Time

  • Played on: Jan. 18, 2016, 2:41 p.m.
  • Length: 23:47
Show
View Real Time Build Order
Export as new Build Order

Ketchzaï Zerg - Winner!

Build Orders: Hatch First 

Get SALT Encoding   

  12  0:06  Drone  
  13  0:09  Drone  
  14  0:18  Overlord  
  14  0:37  Drone x2  
  14  0:39  Drone  
  17  0:58  Hatchery  
  16  1:11  Spawning Pool  
  16  1:12  Extractor  
  16  1:13  Drone  
  16  1:15  Drone  
  16  1:20  Drone  
  17  1:31  Drone  
  18  1:38  Drone  
  19  2:11  Spine Crawler  
  19  2:12  Drone  
  19  2:18  Spine Crawler  
  18  2:25  Drone x2  
  20  2:33  Baneling Nest  
  20  2:34  Roach Warren  
  20  2:36  Drone  
  19  2:38  Drone  
  19  2:43  Queen  
  22  2:48  Metabolic Boost  
  22  2:51  Overlord  
  22  3:11  Spore Crawler  
  21  3:34  Roach x2  
  21  3:35  Roach  
  27  3:53  Overlord  
  27  4:08  Drone  
  27  4:09  Extractor  
  27  4:13  Overlord  
  27  4:33  Lair  
  27  4:35  Drone x3  
  30  4:50  Zergling x2  
  31  5:05  Overlord x2  
  30  5:37  Drone  
  30  5:38  Zergling x8  
  30  5:39  Evolution Chamber  
  34  5:58  Baneling  
  34  5:59  Baneling x8  
  34  6:01  Roach x2  
  38  6:11  Drone  
  39  6:38  Spine Crawler  
  38  6:41  Drone x2  
  38  6:42  Spine Crawler  
  38  6:44  Zerg Missile Weapons Level 1  
  41  6:47  Roach x4  
  41  6:53  Pneumatized Carapace  
  47  7:09  Overlord  
  47  7:19  Overlord  
  47  7:34  Drone, Spine Crawler  
  47  7:50  Hatchery  
  44  8:57  Zergling x2  
  44  8:58  Zergling x10  
  50  9:16  Queen  
  52  9:17  Drone  
  52  9:18  Drone  
  54  9:36  Roach x3  
  54  9:38  Baneling x6  
  57  10:27  Spore Crawler  
  45  10:51  Spine Crawler  
  44  10:57  Spine Crawler  
  44  11:00  Spine Crawler  
  42  11:06  Drone x5  
  42  11:08  Drone  
  48  11:24  Drone  
  49  11:25  Hydralisk Den  
  48  11:47  Spine Crawler  
  47  12:17  Roach x6  
  47  12:18  Roach x4  
  65  12:48  Drone x3  
  68  12:54  Spine Crawler  
  68  12:55  Spine Crawler  
  68  12:56  Spine Crawler  
  59  13:27  Roach  
  59  13:28  Roach x3  
  59  13:29  Overlord x2  
  59  13:33  Drone  
  66  14:04  Roach  
  66  14:05  Roach x5  
  55  14:48  Roach x4  
  55  14:49  Roach x2  
  67  14:58  Extractor  
  59  15:41  Spine Crawler  
  58  15:44  Spine Crawler  
  57  15:50  Drone x2  
  57  15:51  Drone, Spire  
  57  15:54  Queen  
  61  15:58  Roach x5  
  71  16:17  Drone  
  70  16:38  Overseer  
  48  16:47  Drone  
  48  16:48  Drone x2  
  45  17:06  Mutalisk x4  
  45  17:07  Mutalisk x3  
  57  17:23  Drone  
  57  17:25  Spore Crawler  
  57  17:37  Roach x3  
  63  17:45  Queen  
  65  17:53  Hatchery  
  62  18:11  Drone  
  62  18:12  Drone x2  
  63  18:39  Roach x6  
  75  19:43  Roach x3  
  75  19:45  Overlord x4  
  81  20:00  Spine Crawler  
  81  20:01  Spine Crawler  
  81  20:02  Spine Crawler  
  78  20:08  Roach  
  78  20:09  Roach x10  
  64  20:35  Roach  
  64  20:36  Roach x2  
  64  20:40  Roach x2  
  72  20:47  Queen  
  74  21:00  Glial Reconstitution  
  74  21:01  Zerg Missile Weapons Level 2  
  74  21:18  Drone  
  74  21:22  Extractor  
  74  21:54  Overseer  
  74  22:12  Roach x2  
  74  22:13  Roach x2  
  82  22:17  Hydralisk x4  
  82  22:19  Hydralisk  
  92  22:23  Drone  
  92  22:29  Drone  
  95  22:30  Drone x2  
Show
View Real Time Build Order
Export as new Build Order

asdf Protoss 

Build Orders: Cannon Rush 

Get SALT Encoding   

  12  0:02  Probe (Chrono Boost)  
  13  0:13  Pylon  
  13  0:28  Probe (Chrono Boost)  
  14  0:31  Forge  
  14  0:46  Pylon  
  14  0:48  Probe (Chrono Boost)  
  15  0:59  Probe (Chrono Boost)  
  16  1:09  Probe (Chrono Boost), Photon Cannon  
  17  1:16  Photon Cannon  
  17  1:28  Photon Cannon  
  17  1:37  Photon Cannon  
  17  1:45  Pylon  
  17  1:58  Gateway  
  17  2:07  Photon Cannon  
  17  2:13  Gateway  
  17  2:27  Gateway  
  17  2:34  Photon Cannon  
  17  2:43  Pylon  
  17  2:59  Pylon  
  17  3:03  Photon Cannon  
  17  3:04  Photon Cannon  
  16  3:35  Zealot x2  
  16  3:39  Nexus  
  20  3:47  Photon Cannon  
  20  3:51  Probe (Chrono Boost)  
  21  3:56  Assimilator  
  21  4:03  Zealot  
  23  4:10  Zealot  
  25  4:19  Probe (Chrono Boost)  
  26  4:29  Probe (Chrono Boost)  
  27  4:40  Probe (Chrono Boost), Zealot x2  
  32  4:50  Probe (Chrono Boost), Assimilator  
  33  5:01  Probe (Chrono Boost)  
  33  5:04  Probe (Chrono Boost)  
  35  5:12  Probe (Chrono Boost)  
  35  5:13  Gateway  
  36  5:14  Probe (Chrono Boost)  
  37  5:21  Cybernetics Core  
  37  5:23  Protoss Ground Weapons Level 1  
  37  5:35  Photon Cannon  
  37  5:41  Pylon  
  37  5:47  Probe (Chrono Boost)  
  37  5:48  Probe (Chrono Boost)  
  39  5:58  Probe (Chrono Boost)  
  39  6:01  Gateway  
  39  6:03  Zealot  
  42  6:09  Probe (Chrono Boost)  
  43  6:11  Photon Cannon  
  43  6:28  Stalker x2  
  43  6:30  Stalker  
  49  6:38  Probe (Chrono Boost)  
  50  6:43  Assimilator  
  50  6:49  Probe (Chrono Boost)  
  50  6:51  Sentry  
  53  7:09  Pylon  
  53  7:17  Protoss Ground Armor Level 1  
  53  7:18  Sentry  
  53  7:22  Stalker x3  
  61  7:30  Probe (Chrono Boost)  
  62  7:38  Mothership Core (Chrono Boost)  
  62  7:41  Probe (Chrono Boost)  
  63  7:51  Zealot  
  63  7:52  Zealot x2  
  69  8:03  Pylon  
  69  8:06  Pylon  
  69  8:09  Pylon  
  69  8:13  Pylon  
  69  8:19  Twilight Council  
  69  8:20  Assimilator  
  69  8:21  Probe (Chrono Boost), Zealot  
  72  8:32  Probe (Chrono Boost)  
  72  8:33  Probe (Chrono Boost)  
  67  8:39  Pylon  
  67  8:40  Zealot  
  69  8:42  Probe (Chrono Boost)  
  69  8:43  Probe (Chrono Boost)  
  71  8:53  Probe (Chrono Boost)  
  71  8:54  Probe (Chrono Boost)  
  73  9:03  Probe (Chrono Boost)  
  73  9:04  Probe (Chrono Boost)  
  75  9:15  Probe (Chrono Boost)  
  76  9:21  Nexus, Dark Shrine  
  78  9:31  Zealot x2  
  78  9:32  Zealot  
  78  9:33  Zealot  
  82  10:04  Gateway  
  47  10:35  Assimilator  
  41  10:40  Dark Templar  
  41  10:41  Dark Templar x3  
  41  10:52  Dark Templar  
  43  11:02  Pylon  
  43  11:05  Pylon  
  43  11:22  Dark Shrine  
  43  11:24  Twilight Council  
  43  11:26  Gateway  
  43  11:30  Assimilator  
  43  11:39  Zealot x4  
  44  11:40  Zealot  
  29  12:23  Zealot x3  
  29  12:24  Zealot  
  33  12:40  Probe (Chrono Boost)  
  30  12:45  Zealot (Chrono Boost)  
  30  12:51  Probe (Chrono Boost)  
  41  12:52  Zealot x4 (Chrono Boost)  
  41  13:06  Dark Templar (Chrono Boost)  
  45  13:15  Zealot (Chrono Boost)  
  49  13:29  Zealot x2 (Chrono Boost)  
  49  13:34  Zealot (Chrono Boost)  
  51  13:41  Dark Templar (Chrono Boost)  
  53  13:44  Zealot (Chrono Boost)  
  51  13:56  Zealot (Chrono Boost)  
  51  13:57  Zealot (Chrono Boost)  
  49  14:09  Zealot (Chrono Boost)  
  51  14:10  Zealot (Chrono Boost)  
  43  14:43  Dark Templar (Chrono Boost)  
  49  14:53  Zealot x3 (Chrono Boost)  
  49  14:54  Zealot (Chrono Boost)  
  49  14:55  Zealot (Chrono Boost)  
  49  15:13  Gateway  
  49  15:17  Dark Templar (Chrono Boost)  
  47  15:39  Zealot x3 (Chrono Boost)  
  47  15:40  Zealot x2 (Chrono Boost)  
  51  16:15  Nexus  
  51  16:18  Probe (Chrono Boost)  
  51  16:24  Charge  
  52  16:30  Probe (Chrono Boost)  
  53  16:51  Pylon  
  53  17:08  Archon x2  
  53  17:28  Probe (Chrono Boost)  
  54  17:39  Probe  
  54  17:40  Dark Templar x2 (Chrono Boost)  
  59  17:50  Probe  
  61  17:51  Probe  
  59  18:02  Probe  
  59  18:03  Probe  
  34  18:14  Dark Templar x2 (Chrono Boost), Probe  
  34  18:15  Probe  
  34  18:18  Archon  
  38  18:26  Probe  
  39  18:27  Probe  
  40  18:35  Pylon  
  40  18:38  Probe, Pylon  
  41  18:48  Dark Templar (Chrono Boost)  
  55  18:50  Probe  
  55  18:51  Probe, Zealot x4 (Chrono Boost)  
  55  18:52  Zealot (Chrono Boost)  
  57  19:02  Probe  
  57  19:03  Dark Templar (Chrono Boost)  
  58  19:22  Archon  
  46  19:33  Probe  
  47  19:45  Probe  
  48  19:54  Cybernetics Core  
  48  19:57  Probe  
  49  20:05  Probe  
  50  20:09  Probe  
  43  20:17  Probe  
  40  20:21  Probe  
  33  20:29  Probe  
  33  20:33  Probe  
  31  20:36  Dark Templar x2 (Chrono Boost)  
  31  20:41  Probe, Gateway  
  32  20:43  Gateway  
  32  20:47  Assimilator  
  32  20:50  Assimilator  
  32  20:53  Probe  
  33  21:03  Forge  
  33  21:04  Probe  
  33  21:10  Dark Templar x2 (Chrono Boost)  
  38  21:13  Archon  
  42  21:35  Dark Templar (Chrono Boost)  
  42  21:36  Dark Templar (Chrono Boost)  
  42  21:48  Archon  
  42  21:54  Cybernetics Core  
  42  21:58  Probe, Forge  
  43  22:09  Archon  
  43  22:10  Probe  
  44  22:32  Nexus  
  44  22:38  Photon Cannon  
  44  22:44  Dark Templar x2 (Chrono Boost), Photon Cannon  
  46  22:46  Photon Cannon  
  46  22:51  Photon Cannon  
Tags
 
Add a new tag
Caveats
  • Supply blocks, unpowered buildings, or Contaminate may cause inaccurate times.
  • Supply counts are checked every 10 seconds.